 Dungeon Crawl Stone Soup version 0.29.1-2-gbd0b4ee654 (webtiles) character file.

Game seed: 16552274660563979136

4 qeuew the Cudgeller (level 1, 0/19 HPs)
             Began as a Meteoran Cinder Acolyte on Nov 3, 2022.
             Was a High Priest of Ignis.
             Slain by a goblin
             ... wielding a +0 club
              (1 damage)
             ... on level 1 of the Dungeon.
             The game lasted 00:00:51 (62 turns).

qeuew the Cudgeller (Meteoran Cinder Acolyte)         Turns: 62, Time: 00:00:52

Health: 0/19       AC:  2    Str: 15    XL:     1   Next: 85%
Magic:  3/3        EV: 11    Int: 15    God:    Ignis [*****.]
Gold:   0          SH:  0    Dex:  9    Spells: 2/2 levels left

rFire   + . .      SeeInvis .   a - -1 mace (flame)
rCold   . . .      Faith    .   (no shield)
rNeg    . . .      Spirit   .   b - +0 robe
rPois   .          Reflect  .   (no helmet)
rElec   .          Harm     .   (no cloak)
rCorr   .          Rampage  .   (no gloves)
Will    .....                   (no boots)
Stlth   +.........              (no amulet)
HPRegen 0.06/turn               (no ring)
MPRegen 0.08/turn               (no ring)

@: glowing
A: sense surroundings 1, otherworldly, glowing, explore regen
a: Renounce Religion, Fiery Armour, Foxfire Swarm, Rising Flame


You were on level 1 of the Dungeon.
You worshipped Ignis.
Ignis was extremely pleased with you.
You visited 1 branch of the dungeon, and saw 1 of its levels.

Inventory:

Hand Weapons
 a - a -1 mace of flaming (weapon)
Armour
 b - a +0 robe (worn)
Jewellery
 c - a ring of positive energy


   Skills:
 + Level 3.3 Fighting
 + Level 4.1 Maces & Flails
 + Level 1.3 Spellcasting
 + Level 3.8 Fire Magic


You had 2 spell levels left.
You didn't know any spells.
Your spell library contained the following spells:

 Spells                   Type           Power      Damage    Failure   Level
 Scorch                   Fire           24%        2d6       8%          2


Dungeon Overview and Level Annotations

Branches:
Dungeon (1/15) Zot: 533

Altars:


Innate Abilities, Weirdness & Mutations

You passively map a small area around you.
You are easily found by Zot.
You glow in the dark.
You regain HP and MP as you explore.


Message History

You hit the rat. You burn the rat.
You kill the rat!
Found a ring mail.
As you open the door, it creaks loudly!
You hear a shout!
Found a stone staircase leading down.
Found 10 gold pieces and a book of Cantrips.
There is an open door here.
A hobgoblin comes into view.
There is a stone staircase leading down here.
A dart slug comes into view.
A goblin comes into view. It is wielding a +0 dagger.
You closely miss the hobgoblin. The hobgoblin closely misses you.
A goblin comes into view. It is wielding a +0 club.
The hobgoblin hits you.
You hit the hobgoblin. You burn the hobgoblin.
You kill the hobgoblin!
The dart slug bites you. The goblin hits you with a +0 dagger.
You see here a +0 ring mail.
You barely miss the dart slug. The goblin barely misses you.
The dart slug barely misses you.
You hit the dart slug. You burn the dart slug.
The dart slug is heavily wounded.
The goblin hits you but does no damage. The dart slug bites you.
The goblin hits you but does no damage. The goblin closely misses you.
You closely miss the goblin. The goblin hits you with a +0 dagger.
The goblin hits you with a +0 club.
* * * LOW HITPOINT WARNING * * *
The dart slug misses you.
You hit the goblin. You burn the goblin.
The goblin is heavily wounded.
The goblin barely misses you. The goblin hits you with a +0 club.
* * * LOW HITPOINT WARNING * * *
The dart slug bites you.
* * * LOW HITPOINT WARNING * * *
You closely miss the goblin.
The goblin is heavily wounded.
The goblin hits you with a +0 dagger.
* * * LOW HITPOINT WARNING * * *
The goblin hits you with a +0 club.
You die...

.....## .....#*,..
#...........# ,, '#####
..##............ ....#
*................. ,
....# #.................
,
....###................#
.†...##................#
.....##....?...w.......#
,
...(.##........[@g......,
...#............g.......
...#.......#............
...#.......'>...........,
,
...#.......#............
,,
...#.......#............
,
...'.......#............
,
...#.......#............
........####...........,
,


You could see a dart slug and 2 goblins.

Vanquished Creatures
  An endoplasm (D:1)
  A hobgoblin (D:1)
  A bat (D:1)
  A rat (D:1)
4 creatures vanquished.

Notes
Turn   | Place    | Note
-------+----------+-------------------------------------------
     0 | D:1      | qeuew the Meteoran Cinder Acolyte began the quest for the
                  | Orb.
     0 | D:1      | Reached XP level 1. HP: 19/19 MP: 3/3
    62 | D:1      | Slain by a goblin

Illustrated notes

Levels and vault maps discovered:
D:1:      mrwooster_arrival_statue_3, layout_basic, serial_shops, shop

Action                   || total
-------------------------++-------
Melee: Mace              ||    16
Armor: Robe              ||     8
Dodge: Dodged            ||    10
